AoeStats
← O grande

Golden Pit

508832544Analyzed
1v1 RM · 7d ago on Sep 24, 2026· 27m 18s· 2 players
Game mode
Random Map
Map size
Tiny (2 player)
Population
200
Speed
Normal
Resources
Standard
Victory
Conquest
Starting age
Dark Age
Ending age
Imperial Age
RankedLock teamsTeams togetherTeam positionsShared explorationLock speedFull tech treeHidden civsTurbo modeCheats
Victory
Defeat
🇫🇷 Britons · France
2304
+9
🇧🇷 Malians · Brazil
2131
-9
Leonidas
5:22 Loom
8:46 Feudal Age
9:19 Double-Bit Axe
9:56 Horse Collar
17:28 Fletching
21:59 Castle Age
22:54 Wheelbarrow
22:05 Pikeman
22:40 Bodkin Arrow
22:10 Crossbowman
23:48 Heavy Plow
O grande
6:53 Loom
8:59 Feudal Age
9:33 Double-Bit Axe
9:54 Horse Collar
18:28 Bloodlines
18:24 Scale Barding Armor
24:47 Castle Age
24:01 Forging
24:49 Light Cavalry
25:58 Chain Barding Armor
27:01 Iron Casting
Connection lost

Rejoining the realm…

Still unreachable

The connection could not be restored.

Session expired

The server has moved on; the page needs a fresh start.